 Dungeon Crawl Stone Soup version 0.28-a0-984-g3775c662fe (webtiles) character file.

Game seed: 12343590781735901688

130608 bearlyready the Quickloader (level 17, -3/136 HPs)
             Began as a Gnoll Cinder Acolyte on Dec 2, 2021.
             Was a High Priest of Ignis.
             Slain by the 27-headed Lernaean hydra (8 damage)
             ... on level 4 of the Swamp on Dec 3, 2021.
             The game lasted 01:28:15 (42722 turns).

bearlyready the Quickloader (Gnoll Cinder Acolyte) Turns: 42722, Time: 01:28:15

Health: -3/136     AC: 16    Str: 18    XL:     17   Next: 8%
Magic:  13/32      EV: 14    Int: 20    God:    Ignis [*****.]
Gold:   2208       SH:  8    Dex:  8    Spells: 18/39 levels left

rFire   + . .      SeeInvis .   a - +1 short sword (elec)
rCold   . . .      Faith    .   y - +2 buckler
rNeg    . . .      Spirit   .   V - +3 leather armour {rPois}
rPois   +          Reflect  .   C - +0 helmet
rElec   .          Harm     .   E - scarf {shadows}
rCorr   .          Rampage  .   z - +2 pair of gloves {Str+3}
Will    +....                   g - +2 pair of boots
Stlth   +++.......              O - amulet of magic regeneration
HPRegen 0.32/turn               I - +4 ring of slaying
MPRegen 0.63/turn               u - +4 ring of slaying

@: studying 2 skills, very slow
A: fangs 1, strong nose, distributed training
a: Renounce Religion, Fiery Armour, Foxfire Swarm, Rising Flame


You were on level 4 of the Swamp.
You worshipped Ignis.
Ignis was extremely pleased with you.
You visited 6 branches of the dungeon, and saw 29 of its levels.
You also visited: Gauntlet.

You collected 2490 gold pieces.
You spent 282 gold pieces at shops.

Inventory:

Hand Weapons
 a - a +1 short sword of electrocution (weapon)
 b - the +4 fustibalus of Vanity {venom, Int+5 Dex+7}
   (You found it on level 3 of the Swamp)

   Any ammunition fired from it poisons the flesh of those it strikes.
   Int:       It affects your intelligence (+5).
   Dex:       It affects your dexterity (+7).
 c - the +10 morningstar of the Candle {flame, Str+4}
   (You found it on level 1 of the Swamp)

   It burns those it strikes, dealing additional fire damage.
   Str:       It affects your strength (+4).
Missiles
 o - 15 boomerangs (quivered)
 q - 17 javelins
 t - 659 stones
 B - 200 sling bullets
 J - 95 poisoned darts
Armour
 g - a +2 pair of boots (worn)
 y - a +2 buckler (worn)
 z - a +2 pair of gloves of strength (worn)
 C - a +0 helmet (worn)
 E - a scarf of shadows (worn)
 V - a +3 leather armour of poison resistance (worn)
 X - a +0 kite shield of reflection
Jewellery
 u - a +4 ring of slaying (right hand)
 I - a +4 ring of slaying (left hand)
 O - an amulet of magic regeneration (around neck)
Wands
 d - a wand of paralysis (21)
 i - a wand of iceblast (4)
 x - a wand of digging (2)
 H - a wand of mindburst (4)
 L - a wand of charming (13)
 N - a wand of polymorph (15)
 P - a wand of acid (2)
 S - a wand of flame (69)
Scrolls
 f - 2 scrolls of fear
 k - a scroll of brand weapon
 n - 8 scrolls of magic mapping
 p - 4 scrolls of summoning
 r - 16 scrolls of teleportation
 w - 6 scrolls of immolation
 A - 4 scrolls of enchant weapon
 R - 6 scrolls of vulnerability
 U - 2 scrolls of enchant armour
 W - a scroll of amnesia
Potions
 e - a potion of invisibility
 h - 6 potions of brilliance
 j - a potion of cancellation
 l - 5 potions of might
 m - 3 potions of attraction
 s - 5 potions of flight
 D - 2 potions of berserk rage
 F - 4 potions of heal wounds
 G - 4 potions of curing
 K - 4 potions of haste
 M - 3 potions of resistance
 Q - 5 potions of ambrosia
 Y - 3 potions of magic
 Z - 4 potions of mutation
Miscellaneous
 v - a condenser vane (inert)
 T - a piece from Xom's chessboard (15/15)


   Skills:
 + Level 13.0 Fighting
 + Level 11.4 Short Blades
 + Level 11.4 Long Blades
 + Level 11.4 Axes
 + Level 13.0 Maces & Flails
 + Level 11.4 Polearms
 + Level 11.4 Staves
 + Level 11.4 Slings
 + Level 11.4 Bows
 + Level 14.8 Crossbows
 + Level 11.4 Throwing
 + Level 11.4 Armour
 + Level 11.4 Dodging
 + Level 12.6 Stealth
 + Level 11.4 Shields
 + Level 11.4 Unarmed Combat
 + Level 11.7 Spellcasting
 + Level 9.6 Conjurations
 + Level 9.6 Hexes
 + Level 9.6 Summonings
 + Level 9.6 Necromancy
 + Level 9.6 Translocations
 + Level 9.6 Transmutations
 + Level 11.0 Fire Magic
 + Level 9.6 Ice Magic
 + Level 9.6 Air Magic
 + Level 9.6 Earth Magic
 + Level 9.6 Poison Magic
 + Level 12.3 Invocations
 + Level 11.4 Evocations


You had 18 spell levels left.
You knew the following spells:

 Your Spells              Type           Power      Damage    Failure   Level
a - Scorch                Fire           100%       2d10      1%          2
b - Ensorcelled Hibernat  Hex/Ice        100%       N/A       1%          2
c - Tukima's Dance        Hex            50%        N/A       1%          3
d - Frozen Ramparts       Ice            100%       1d12      1%          3
e - Borgnjor's Vile Clut  Necr/Erth      25%        N/A       3%          5
f - Starburst             Conj/Fire      26%        6d8       14%         6

Your spell library contained the following spells:

 Spells                   Type           Power      Damage    Failure   Level
 Freeze                   Ice            100%       1d11      1%          1
 Corpse Rot               Necr/Air       100%       N/A       1%          2
 Poisonous Vapours        Pois/Air       100%       N/A       1%          2
 Conjure Flame            Conj/Fire      52%        6-21      1%          3
 Dazzling Flash           Conj/Hex       100%       N/A       1%          3
 Ignite Poison            Fire/Tmut/Pois 51%        N/A       1%          3
 Ozocubu's Armour         Ice            50%        N/A       1%          3
 Cause Fear               Hex            25%        N/A       1%          4
 Hailstorm                Conj/Ice       50%        3d11      1%          4
 Iskenderun's Mystic Bla  Conj/Tloc      50%        2d11      1%          4
 Petrify                  Tmut/Erth      50%        N/A       1%          4
 Sticky Flame             Conj/Fire      52%        2d7       1%          4
 Summon Ice Beast         Ice/Summ       50%        N/A       1%          4
 Alistair's Intoxication  Tmut/Pois      33%        N/A       3%          5
 Metabolic Englaciation   Hex/Ice        25%        N/A       3%          5
 Eringya's Noxious Bog    Tmut/Pois      25%        N/A       21%         6
 Statue Form              Tmut/Erth      33%        N/A       21%         6
 Dragon Form              Tmut           25%        N/A       73%         7
 Dragon's Call            Summ           25%        N/A       100%        9
 Polar Vortex             Ice            25%        N/A       100%        9


Dungeon Overview and Level Annotations

Branches:
Dungeon (15/15)            Temple (1/1) D:5            Lair (6/6) D:10
  Swamp (4/4) Lair:2       Spider (1/4) Lair:3        Slime (0/5) Lair:5
    Orc (2/2) D:10            Elf (0/3) Orc:2        Vaults (0/5) D:13
 Depths (0/4) D:15        Gauntlet (visited)

Altars:
Ashenzari
Cheibriados
Dithmenos
Elyvilon
Fedhas
Gozag
Hepliaklqana
Kikubaaqudgha
Makhleb
Nemelex Xobeh
Okawaru
Qazlal
Ru
Sif Muna
Trog
Uskayaw
Vehumet
Wu Jian
Xom
Yredelemnul
Zin
The Shining One
Beogh
Jiyva

Shops:
Orc:2 :!?!

Annotations:
Lair:5 exclusion: 4 oklob plants
Swamp:4 Lernaean hydra
Spider:1 Asterion
Orc:2 3 runed translucent doors, meatgazer's ghost, journeyman DsAK


Innate Abilities, Weirdness & Mutations

You have very sharp teeth.
Your uncanny sense of smell can sniff out nearby items.
Your experience applies equally to all skills.


Message History

The 27-headed Lernaean hydra bites you but does no damage.
You block the 27-headed Lernaean hydra's attack.
The 27-headed Lernaean hydra bites you.
* * * LOW HITPOINT WARNING * * *
The 27-headed Lernaean hydra closely misses you.
The 27-headed Lernaean hydra barely misses you.
The 27-headed Lernaean hydra bites you but does no damage.
The 27-headed Lernaean hydra misses you.
The 27-headed Lernaean hydra bites you but does no damage.
The 27-headed Lernaean hydra barely misses you.
Okay, then.
Okay, then.
Okay, then.
Okay, then.
Okay, then.
Aiming: Paralyse
Press: ? - help, Shift-Dir - straight line, f - 27-headed Lernaean hydra
Aim: the 27-headed Lernaean hydra (chance to affect: 4%)
Okay, then.
Unknown command.
Okay, then.
You feel much better.
The 27-headed Lernaean hydra misses you.
The 27-headed Lernaean hydra bites you but does no damage.
The 27-headed Lernaean hydra bites you!
* * * LOW HITPOINT WARNING * * *
You block the 27-headed Lernaean hydra's attack.
The 27-headed Lernaean hydra bites you but does no damage. x2
The 27-headed Lernaean hydra bites you.
* * * LOW HITPOINT WARNING * * *
The 27-headed Lernaean hydra bites you!
* * * LOW HITPOINT WARNING * * *
The 27-headed Lernaean hydra bites you but does no damage.
The 27-headed Lernaean hydra bites you.
* * * LOW HITPOINT WARNING * * *
The 27-headed Lernaean hydra bites you but does no damage. x2
The 27-headed Lernaean hydra bites you!
* * * LOW HITPOINT WARNING * * *
The 27-headed Lernaean hydra bites you!
You die...

♣♣♣♣♣.≈≈≈≈≈. ♣♣♣.≈♣♣ ♣♣♣
≈.≈≈..≈≈≈..♣ ♣≈...≈♣
≈≈≈≈≈≈≈≈≈..♣ ♣≈≈≈≈.♣♣♣♣♣♣
≈≈≈≈≈≈≈§≈≈.♣♣♣♣♣♣♣.≈≈....≈≈♣
≈≈.≈≈≈≈≈≈≈≈.♣≈≈.≈..§......≈♣
≈..≈§≈≈≈§....≈≈≈≈≈≈§≈≈...≈≈♣♣
§≈.≈≈≈≈....≈≈≈≈≈≈≈≈≈≈≈§.≈§..♣♣♣
♣≈).≈≈..♣♣(≈≈≈≈≈≈§§≈.§≈≈.≈..≈≈♣
≈...≈≈≈≈.≈♣≈.≈≈D@≈≈§≈.§.≈♣♣♣♣♣♣
≈≈.≈≈≈≈≈.≈≈♣.≈≈≈♣≈≈≈≈≈♣≈≈≈♣≈♣
≈≈..≈≈§≈≈♣♣§§≈≈≈♣≈≈≈≈♣≈..≈≈♣
≈♣≈...≈.♣♣≈≈≈≈.≈♣<.≈≈≈.≈†§≈♣
♣♣♣≈..≈.♣≈§≈≈.≈♣♣♣.≈≈≈§≈.≈≈♣
♣♣≈♣÷≈≈♣♣≈≈.♣♣♣♣♣.≈≈≈≈†≈♣♣♣.♣
♣♣♣♣≈≈≈≈.≈≈≈.....≈.≈≈§§)≈≈≈.♣
♣≈≈§.≈≈≈≈≈.≈.≈≈..≈§≈.≈.≈♣≈..♣
♣♣≈.....♣...♣.≈..≈≈)≈≈≈≈♣≈..♣


You could see the 27-headed Lernaean hydra.

Vanquished Creatures
  2 tentacled monstrosities
  2 thorn hunters
  Donald (Orc:2)
  4 eleionomae
  A minotaur (Gauntlet)
  2 bunyips
  Josephine (Swamp:1)
  An ettin (Orc:1)
  A fire dragon (D:15)
  3 shambling mangroves
  Erolcha (D:12)
  An ogre mage (D:15)
  15 hydras
  A catoblepas (Lair:6)
  4 boulder beetles
  2 ghost crabs
  A spriggan air mage (Swamp:4)
  A merfolk avatar (Lair:6)
  3 centaur warriors
  A death knight (D:15)
  A hell hog (Gauntlet)
  10 two-headed ogres
  2 tengu warriors (D:13)
  An alligator (Swamp:2)
  A death yak (Lair:5)
  3 orc high priests (Orc:2)
  2 goliath frogs
  A glowing orange brain (shapeshifter) (D:13)
  5 spriggan druids
  A death drake (Swamp:4)
  2 bog bodies
  6 swamp dragons
  3 wizards
  5 lindwurms
  A necromancer (D:15)
  3 wolf spiders
  4 orc knights (Orc:2)
  5 manticores
  6 orc sorcerers
  10 will-o-the-wisps
  A worldbinder (Gauntlet)
  5 cyclopes
  27 elephants
  4 black mambas
  A naga mage (D:15)
  15 cane toads
  Maggie (D:9)
  5 rime drakes
  A komodo dragon (shapeshifter) (D:13)
  13 komodo dragons
  A redback zombie (D:15)
  3 trolls
  5 tengu conjurers
  A polar bear (shapeshifter) (D:15)
  A bloated husk (Swamp:3)
  3 meliai (Lair:5)
  4 jumping spiders (Lair:3)
  2 polar bears (Lair:6)
  A queen bee (Lair:5)
  13 blink frogs
  5 hornets
  5 tyrant leeches
  5 slime creatures (D:14)
  A meliai zombie (D:11)
  12 dream sheep
  A snapping turtle (Lair:6)
  A shadow (D:10)
  5 spriggans
  A redback (Lair:3)
  The ghost of bearlyready the Conjurer, an amateur DECj of Gozag (D:6)
  3 wyverns
  6 wraiths
  45 yaks
  A fire bat (shapeshifter) (D:15)
  2 fire bats (Gauntlet)
  A centaur simulacrum (D:15)
  7 basilisks
  4 steam dragons
  5 vampire mosquitoes (Swamp:3)
  3 wargs
  17 swamp worms
  An acid dragon (D:13)
  A swamp drake (shapeshifter) (D:13)
  27 water moccasins
  A swamp drake (Swamp:2)
  A hell hound (Gauntlet)
  2 ice beasts (D:5)
  23 orc warriors
  4 black bears
  9 ogres
  2 necrophages
  21 wolves
  5 centaurs
  2 phantoms
  2 kobold brigands
  8 bullfrogs
  3 gnoll sergeants
  3 scorpions
  A wyvern skeleton (D:7)
  42 killer bees
  7 wights
  7 electric eels (D:10)
  2 howler monkeys (D:8)
  2 bullfrog zombies (D:5)
  2 centaur zombies
  13 orc priests
  6 hounds
  A jelly (D:6)
  A gnoll shaman (D:6)
  3 iguanas
  3 centaur skeletons
  21 orc wizards
  A hell rat (Lair:5)
  A howler monkey zombie (D:9)
  22 gnolls
  13 adders
  A white imp (Gauntlet)
  An ufetubus (D:5)
  A worm (D:4)
  A dart slug (D:4)
  56 orcs
  10 endoplasms
  5 giant cockroaches
  2 goblins (D:1)
  2 hobgoblins
  6 jackals
  2 quokkas
  10 ball pythons
  5 bats
  2 frilled lizards
  18 kobolds
  9 rats
  A briar patch (Swamp:3)
  A butterfly (Lair:3)
754 creatures vanquished.

Vanquished Creatures (collateral kills)
  A komodo dragon (Lair:1)
  A basilisk (Lair:2)
2 creatures vanquished.

Vanquished Creatures (others)
  A will-o-the-wisp (Swamp:2)
  A bloated husk (Swamp:2)
  49 foxfires
  59 fungi
  119 plants
229 creatures vanquished.

Grand Total: 985 creatures vanquished

Notes
Turn   | Place    | Note
-------+----------+-------------------------------------------
     0 | D:1      | bearlyready the Gnoll Cinder Acolyte began the quest for
                  | the Orb.
     0 | D:1      | Reached XP level 1. HP: 23/23 MP: 4/4
    31 | D:1      | HP: 1/23 [kobold (4)]
   541 | D:1      | Reached XP level 2. HP: 28/29 MP: 5/5
   864 | D:1      | Found Nerhe's Jewellery Shoppe.
  1017 | D:1      | Reached XP level 3. HP: 35/35 MP: 7/7
  1031 | D:1      | Found a faded altar of an unknown god.
  1216 | D:1      | Learned a level 2 spell: Scorch
  1623 | D:2      | Reached skill level 1 in Invocations
  1628 | D:2      | Reached skill level 1 in Short Blades
  1628 | D:2      | Reached skill level 1 in Long Blades
  1628 | D:2      | Reached skill level 1 in Axes
  1628 | D:2      | Reached skill level 1 in Polearms
  1628 | D:2      | Reached skill level 1 in Staves
  1628 | D:2      | Reached skill level 1 in Slings
  1628 | D:2      | Reached skill level 1 in Bows
  1628 | D:2      | Reached skill level 1 in Crossbows
  1628 | D:2      | Reached skill level 1 in Throwing
  1628 | D:2      | Reached skill level 1 in Armour
  1628 | D:2      | Reached skill level 1 in Dodging
  1628 | D:2      | Reached skill level 1 in Stealth
  1628 | D:2      | Reached skill level 1 in Shields
  1628 | D:2      | Reached skill level 1 in Unarmed Combat
  1628 | D:2      | Reached skill level 1 in Evocations
  1628 | D:2      | Reached XP level 4. HP: 30/41 MP: 1/8
  2403 | D:3      | Reached skill level 1 in Conjurations
  2403 | D:3      | Reached skill level 1 in Hexes
  2403 | D:3      | Reached skill level 1 in Summonings
  2403 | D:3      | Reached skill level 1 in Necromancy
  2403 | D:3      | Reached skill level 1 in Translocations
  2403 | D:3      | Reached skill level 1 in Transmutations
  2403 | D:3      | Reached skill level 1 in Ice Magic
  2403 | D:3      | Reached skill level 1 in Air Magic
  2403 | D:3      | Reached skill level 1 in Earth Magic
  2403 | D:3      | Reached skill level 1 in Poison Magic
  2846 | D:3      | Noticed a scorpion
  2852 | D:3      | Killed a scorpion
  2853 | D:3      | Reached XP level 5. HP: 47/47 MP: 0/9
  3118 | D:3      | Found an ancient bone altar of Kikubaaqudgha.
  3394 | D:4      | Identified the ring of Ceamom {Fly rElec Int-4 Dex+6
                  | Stlth+}
  3843 | D:4      | Reached XP level 6. HP: 53/53 MP: 10/10
  3848 | D:4      | Found a stormy altar of Qazlal.
  3896 | D:5      | Entered Level 5 of the Dungeon
  3932 | D:5      | Noticed an ice beast
  4122 | D:5      | Killed an ice beast
  4123 | D:5      | Reached skill level 2 in Crossbows
  4223 | D:4      | Reached XP level 7. HP: 48/59 MP: 3/12
  4698 | D:5      | Reached XP level 8. HP: 62/67 MP: 14/14
  4996 | D:5      | Reached skill level 3 in Crossbows
  5140 | D:5      | Found a staircase to the Ecumenical Temple.
  5508 | Temple   | Entered the Ecumenical Temple
  6256 | D:6      | Reached XP level 9. HP: 43/72 MP: 3/16
  6423 | D:6      | Identified the +8 trident "Killer Bee's Doom" {venom, rPois
                  | rF+ Will+++}
  6595 | D:6      | Reached skill level 4 in Crossbows
  6595 | D:6      | Reached skill level 5 in Spellcasting
  6976 | D:6      | Found a transporter.
  7018 | D:6      | Found a transporter.
  7021 | D:6      | Identified the ring of Poqicuy {Contam rF+ Dex+7 Stlth+}
  7065 | D:6      | Noticed bearlyready's ghost (amateur DECj)
  7576 | D:7      | Learned a level 2 spell: Ensorcelled Hibernation
  8176 | D:8      | Reached skill level 5 in Invocations
  9092 | D:8      | Noticed a two-headed ogre
  9115 | D:8      | Killed a two-headed ogre
  9116 | D:8      | Reached skill level 5 in Short Blades
  9116 | D:8      | Reached skill level 5 in Long Blades
  9116 | D:8      | Reached skill level 5 in Axes
  9116 | D:8      | Reached skill level 5 in Polearms
  9116 | D:8      | Reached skill level 5 in Staves
  9116 | D:8      | Reached skill level 5 in Slings
  9116 | D:8      | Reached skill level 5 in Bows
  9116 | D:8      | Reached skill level 5 in Crossbows
  9116 | D:8      | Reached skill level 5 in Throwing
  9116 | D:8      | Reached skill level 5 in Armour
  9116 | D:8      | Reached skill level 5 in Dodging
  9116 | D:8      | Reached skill level 5 in Stealth
  9116 | D:8      | Reached skill level 5 in Shields
  9116 | D:8      | Reached skill level 5 in Unarmed Combat
  9116 | D:8      | Reached skill level 5 in Evocations
  9116 | D:8      | Reached XP level 10. HP: 62/81 MP: 10/18
  9279 | D:8      | Found a glowing silver altar of Zin.
  9381 | D:8      | Noticed a lindwurm
  9383 | D:8      | Noticed a lindwurm
  9384 | D:8      | Noticed a lindwurm
  9384 | D:8      | Noticed a lindwurm
  9398 | D:8      | Killed a lindwurm
  9701 | D:8      | Killed a lindwurm
  9701 | D:8      | Killed a lindwurm
  9715 | D:8      | Killed a lindwurm
 10441 | D:9      | Noticed Maggie
 10464 | D:9      | Reached skill level 6 in Crossbows
 10469 | D:9      | Reached XP level 11. HP: 85/87 MP: 20/20
 10487 | D:9      | Found a broken altar of Ashenzari.
 10658 | D:9      | Killed Maggie
 10901 | D:9      | Reached skill level 5 in Conjurations
 10901 | D:9      | Reached skill level 5 in Hexes
 10901 | D:9      | Reached skill level 5 in Summonings
 10901 | D:9      | Reached skill level 5 in Necromancy
 10901 | D:9      | Reached skill level 5 in Translocations
 10901 | D:9      | Reached skill level 5 in Transmutations
 10901 | D:9      | Reached skill level 5 in Ice Magic
 10901 | D:9      | Reached skill level 5 in Air Magic
 10901 | D:9      | Reached skill level 5 in Earth Magic
 10901 | D:9      | Reached skill level 5 in Poison Magic
 11115 | D:9      | You fall into a shaft and drop 3 floors!
 11115 | D:12     | Noticed a five-headed hydra
 11303 | D:11     | Noticed a two-headed ogre
 11315 | D:11     | Killed a two-headed ogre
 11544 | D:10     | Entered Level 10 of the Dungeon
 12203 | D:10     | Found a staircase to the Orcish Mines.
 12342 | D:10     | Reached skill level 7 in Crossbows
 12581 | D:10     | Found a staircase to the Lair.
 13631 | D:11     | Noticed a two-headed ogre
 13633 | D:11     | Noticed a two-headed ogre
 13657 | D:11     | Killed a two-headed ogre
 13659 | D:11     | Killed a two-headed ogre
 14198 | D:12     | Noticed a cyclops
 14210 | D:12     | Killed a cyclops
 14507 | D:12     | Killed a five-headed hydra
 14508 | D:12     | Reached XP level 12. HP: 40/96 MP: 7/23
 14859 | D:12     | Noticed Erolcha
 14868 | D:12     | Killed Erolcha
 14869 | D:12     | Reached skill level 8 in Crossbows
 14875 | D:12     | Learned a level 3 spell: Tukima's Dance
 15435 | D:12     | Noticed a five-headed hydra
 15446 | D:12     | Killed a five-headed hydra
 15704 | D:13     | Noticed a tengu warrior
 15721 | D:13     | Killed a tengu warrior
 15928 | D:13     | Noticed a two-headed ogre
 15942 | D:13     | Killed a two-headed ogre
 15968 | D:13     | Noticed a centaur warrior
 15984 | D:13     | Killed a centaur warrior
 16037 | D:13     | Noticed a five-headed hydra
 16057 | D:12     | Killed a five-headed hydra
 16399 | D:13     | Found a gate to the Vaults.
 16405 | D:13     | Reached skill level 10 in Fighting
 16405 | D:13     | Reached skill level 10 in Maces & Flails
 16590 | Lair:1   | Entered Level 1 of the Lair of Beasts
 16741 | Lair:1   | Reached skill level 9 in Crossbows
 16957 | Lair:1   | Noticed a five-headed hydra
 16969 | Lair:1   | Killed a five-headed hydra
 18391 | Lair:2   | You fall into a shaft and drop 1 floor!
 18526 | Lair:2   | Reached XP level 13. HP: 103/103 MP: 25/25
 19309 | Lair:2   | Reached skill level 10 in Crossbows
 19685 | Lair:2   | Found a staircase to the Swamp.
 20726 | Lair:3   | Found a hole to the Spider Nest.
 21420 | Lair:3   | Got the Compendium of the Frostbite
 21642 | Spider:1 | Entered Level 1 of the Spider Nest
 21896 | Lair:4   | Found a gate leading to a gauntlet.
 21909 | Gauntlet | Entered a Gauntlet
 21909 | Gauntlet | Found a transporter.
 21920 | Gauntlet | Found a transporter.
 21934 | Gauntlet | Found a transporter.
 21934 | Gauntlet | Found a transporter.
 21944 | Gauntlet | Found a transporter.
 21960 | Gauntlet | Found a transporter.
 21971 | Gauntlet | Found a transporter.
 21981 | Gauntlet | Found a runed translucent door.
 21982 | Gauntlet | Found a transporter.
 21994 | Gauntlet | Found a runed translucent door.
 21998 | Gauntlet | Found a transporter.
 22013 | Gauntlet | Found a transporter.
 22013 | Gauntlet | Found a transporter.
 22061 | Gauntlet | Found a transporter.
 22077 | Gauntlet | Found a transporter.
 22127 | Gauntlet | Found a transporter.
 22216 | Gauntlet | Identified the ring "Mybul" {rN+ Str+3 Dex+7}
 22307 | Gauntlet | Noticed a minotaur
 22334 | Gauntlet | Killed a minotaur
 23474 | Lair:4   | Reached skill level 11 in Crossbows
 23814 | Lair:4   | Reached XP level 14. HP: 113/113 MP: 23/27
 25425 | Lair:5   | Reached skill level 10 in Invocations
 27920 | Lair:5   | Found a viscous altar of Jiyva.
 27921 | Lair:5   | Found a staircase to the Slime Pits.
 28003 | Lair:6   | Entered Level 6 of the Lair of Beasts
 28016 | Lair:5   | Reached skill level 12 in Crossbows
 28358 | Lair:6   | Reached skill level 10 in Spellcasting
 28816 | Lair:5   | Upgraded the game from 0.28-a0-983-g1de4e0787c to
                  | 0.28-a0-984-g3775c662fe
 29226 | Lair:6   | Reached XP level 15. HP: 87/120 MP: 29/29
 29256 | Lair:6   | Learned a level 3 spell: Frozen Ramparts
 29262 | Lair:6   | Learned a level 5 spell: Borgnjor's Vile Clutch
 29736 | Lair:6   | Reached skill level 10 in Fire Magic
 30419 | Lair:6   | Reached skill level 10 in Short Blades
 30419 | Lair:6   | Reached skill level 10 in Long Blades
 30419 | Lair:6   | Reached skill level 10 in Axes
 30419 | Lair:6   | Reached skill level 10 in Polearms
 30419 | Lair:6   | Reached skill level 10 in Staves
 30419 | Lair:6   | Reached skill level 10 in Slings
 30419 | Lair:6   | Reached skill level 10 in Bows
 30419 | Lair:6   | Reached skill level 10 in Throwing
 30419 | Lair:6   | Reached skill level 10 in Armour
 30419 | Lair:6   | Reached skill level 10 in Dodging
 30419 | Lair:6   | Reached skill level 10 in Stealth
 30419 | Lair:6   | Reached skill level 10 in Shields
 30419 | Lair:6   | Reached skill level 10 in Unarmed Combat
 30419 | Lair:6   | Reached skill level 10 in Evocations
 31092 | D:6      | Killed bearlyready's ghost
 31586 | D:13     | Found a burning altar of Makhleb.
 32395 | D:14     | Reached skill level 13 in Crossbows
 32972 | D:15     | Entered Level 15 of the Dungeon
 33949 | D:15     | Found a staircase to the Depths.
 34481 | D:15     | Found a sparkling altar of Nemelex Xobeh.
 34608 | Orc:1    | Entered Level 1 of the Orcish Mines
 35232 | Orc:2    | Entered Level 2 of the Orcish Mines
 35287 | Orc:2    | Found a staircase to the Elven Halls.
 35321 | Orc:2    | Noticed Donald
 35336 | Orc:2    | Killed Donald
 35777 | Orc:2    | Reached XP level 16. HP: 121/121 MP: 23/30
 35868 | Orc:2    | Identified the +8 plate armour of Untruth {rC+ Int+4}
 35868 | Orc:2    | Noticed meatgazer's ghost (journeyman DsAK)
 35925 | Orc:2    | Found a burning altar of Makhleb.
 35992 | Orc:2    | Found a runed translucent gate.
 35992 | Orc:2    | Found a runed translucent gate.
 35992 | Orc:2    | Found a runed translucent gate.
 36349 | Orc:2    | Paralysed by an orc sorcerer for 7 turns
 36637 | Orc:2    | Found Meurixia's Distillery.
 36656 | Orc:2    | Found Ischast's Magic Scroll Boutique.
 36664 | Orc:2    | Paralysed by an orc sorcerer for 3 turns
 36824 | Orc:2    | Bought a potion of heal wounds for 60 gold pieces
 36824 | Orc:2    | Bought a potion of heal wounds for 60 gold pieces
 36834 | Orc:2    | Found Jufoxzu's Distillery.
 36857 | Orc:2    | Found Roecs's Book Shoppe.
 36860 | Orc:2    | Bought a potion of heal wounds for 75 gold pieces
 36872 | Orc:2    | Bought a scroll of teleportation for 39 gold pieces
 36874 | Orc:2    | Bought a potion of might for 48 gold pieces
 37241 | Swamp:1  | Entered Level 1 of the Swamp
 37461 | Swamp:1  | Learned a level 6 spell: Starburst
 37462 | Swamp:1  | Noticed Josephine
 37472 | Swamp:1  | Killed Josephine
 37702 | Swamp:1  | Identified the +10 morningstar of the Candle {flame, Str+4}
 38481 | Swamp:2  | Noticed a tentacled monstrosity
 38488 | Swamp:2  | Killed a tentacled monstrosity
 38489 | Swamp:2  | Reached skill level 14 in Crossbows
 38883 | Spider:1 | Noticed Asterion
 38887 | Spider:1 | Noticed an Executioner
 39109 | Swamp:2  | Noticed a thorn hunter
 39856 | Swamp:2  | Killed a thorn hunter
 40340 | Swamp:3  | Noticed a thorn hunter
 40347 | Swamp:3  | Killed a thorn hunter
 41928 | Swamp:3  | Identified the +4 fustibalus of Vanity {venom, Int+5 Dex+7}
 42098 | Swamp:4  | Entered Level 4 of the Swamp
 42107 | Swamp:4  | Noticed a tentacled monstrosity
 42117 | Swamp:4  | Killed a tentacled monstrosity
 42659 | Swamp:4  | Reached XP level 17. HP: 104/136 MP: 6/32
 42717 | Swamp:4  | Noticed the 27-headed Lernaean hydra
 42722 | Swamp:4  | HP: 5/136 [the 27-headed Lernaean hydra (8)]
 42722 | Swamp:4  | Slain by the 27-headed Lernaean hydra

Illustrated notes

Levels and vault maps discovered:
D:1:      dpeg_arrival_three_smaller_balls, layout_basic,
          ebering_ecumenical_altar_petrified, serial_shops, shop,
          serial_park_tiny_1, minmay_misc_feat_roman
D:2:      layout_loops_ring
D:3:      minmay_inner_zag, layout_basic, kiku_gazebo_garden_becter,
          corexii_hall_statues_i
D:4:      layout_rooms, marbit_many_paths
D:5:      layout_basic, minmay_temple_entry_nine_rooms, lightli_corner_chamber
D:6:      layout_loops_ring, gammafunk_ghost_gnarly_gnolls, serial_bayou_pond_c,
          minivault_24, minmay_statues_item
D:7:      layout_rooms, serial_curves, eino_curves_01, eino_curves_03
D:8:      black_bear_nest_2, layout_rooms, kennysheep_little_box,
          minmay_lindwurm_lava
D:9:      layout_cave_pools, lemuel_doored_altar, minmay_misc_feat_hallway,
          uniq_maggie
D:10:     layout_basic, erik_lair_island, orc_0_dummy
D:11:     layout_roguey
D:12:     layout_loops_cross, uniq_erolcha
D:13:     layout_big_octagon, david_vaults_2, serial_glass, glass_columns_c,
          glass_columns_b, minmay_strange_pillars, minmay_misc_feat_five,
          amcnicky_mini_corridor_feature, abandoned_shop, corexii_checkpoint_a,
          makhleb_altar_promises_db
D:14:     layout_basic, minmay_holes
D:15:     grunt_enter_depths_magical_seal, layout_basic,
          nemelex_lonely_heart_becter
Temple:   hc_temple_tempest_star
Lair:1:   layout_cave_pods, chequers_serial_rivers_small_3
Lair:2:   minmay_lair_venomous_thicket, layout_cave_shapes,
          minmay_swamp_entry_worms, beast_lair_carwin_11
Lair:3:   layout_hall_layers, spider_nest_entry_funnel_web, lemuel_fruit_fields,
          infiniplex_staircase_pool_2
Lair:4:   layout_small_grid, gauntlet_entry_generic, beast_lair_carwin_3
Lair:5:   hangedman_what_comes_after_a, layout_regular_city, slime_altar_1,
          nicolae_lair_run_with_the_wolves, grunt_megastairs_1
Lair:6:   gammafunk_lair_ancient_temple, layout_big_grid
Swamp:1:  nicolae_swamp_ascending_descending, layout_basic_swamp,
          hangedman_swamp_lotus, swamp_pool3, uniq_josephine
Swamp:2:  layout_basic_swamp, nicolae_swamp_small_spring, swamp_pool4
Swamp:3:  layout_basic_swamp, serial_swamp_ruin, hangedman_swamp_ruin_wall,
          evilmike_swamp_ruin_house_3, evilmike_swamp_ruin_house_5, swamp_pool5
Swamp:4:  swamp, layout_basic_swamp
Spider:1: layout_spider_delve, uniq_louise, uniq_asterion, uniq_frances
Orc:1:    layout_diamond_mine
Orc:2:    st_orc_elflike, layout_caves, biasface_ghost_orc_armoury, basic_altar,
          mines2_david, uniq_donald

Skill      XL: |  1  2  3  4  5  6  7  8  9 10 11 12 13 14 15 16 |
---------------+-------------------------------------------------+-----
Invocations    | 1 2 3 4 5 6 7 8 9 10 11 12 | 12.3
Short Blades   | 1 2 3 5 6 7 8 9 10 11 | 11.4
Long Blades    | 1 2 3 5 6 7 8 9 10 11 | 11.4
Axes           | 1 2 3 5 6 7 8 9 10 11 | 11.4
Polearms       | 1 2 3 5 6 7 8 9 10 11 | 11.4
Staves         | 1 2 3 5 6 7 8 9 10 11 | 11.4
Slings         | 1 2 3 5 6 7 8 9 10 11 | 11.4
Bows           | 1 2 3 5 6 7 8 9 10 11 | 11.4
Crossbows      | 1 2 3 5 6 7 9 11 12 13 14 | 14.8
Throwing       | 1 2 3 5 6 7 8 9 10 11 | 11.4
Armour         | 1 2 3 5 6 7 8 9 10 11 | 11.4
Dodging        | 1 2 3 5 6 7 8 9 10 11 | 11.4
Stealth        | 1 2 3 5 6 7 8 9 11 12 | 12.6
Shields        | 1 2 3 5 6 7 8 9 10 11 | 11.4
Unarmed Combat | 1 2 3 5 6 7 8 9 10 11 | 11.4
Evocations     | 1 2 3 5 6 7 8 9 10 11 | 11.4
Spellcasting   | 3 4 5 6 7 8 9 10 11 | 11.7
Conjurations   | 1 2 3 4 5 6 7 8 9 |  9.6
Hexes          | 1 2 3 4 5 6 7 8 9 |  9.6
Summonings     | 1 2 3 4 5 6 7 8 9 |  9.6
Necromancy     | 1 2 3 4 5 6 7 8 9 |  9.6
Translocations | 1 2 3 4 5 6 7 8 9 |  9.6
Transmutations | 1 2 3 4 5 6 7 8 9 |  9.6
Ice Magic      | 1 2 3 4 5 6 7 8 9 |  9.6
Air Magic      | 1 2 3 4 5 6 7 8 9 |  9.6
Earth Magic    | 1 2 3 4 5 6 7 8 9 |  9.6
Poison Magic   | 1 2 3 4 5 6 7 8 9 |  9.6
Fighting       | 7 8 9 10 11 12 13 | 13.0
Maces & Flails | 7 8 9 10 11 12 13 | 13.0
Fire Magic     | 6 7 8 9 10 11 | 11.0

Action                   |  1- 3 |  4- 6 |  7- 9 | 10-12 | 13-15 | 16-18 || total
-------------------------+-------+-------+-------+-------+-------+-------++-------
Melee: Mace              |   131 |    65 |       |       |       |       ||   196
       Bite              |    11 |    11 |    25 |    44 |   135 |    24 ||   250
       Punch             |     1 |       |       |       |       |       ||     1
       Short sword       |       |    55 |   257 |   505 |  1161 |   202 ||  2180
 Fire: Fustibalus        |       |       |       |       |       |    75 ||    75
Throw: Dart              |       |       |     4 |    12 |     6 |    11 ||    33
       Boomerang         |       |       |       |       |    51 |    25 ||    76
       Throwing net      |       |       |       |       |     2 |       ||     2
       Javelin           |       |       |       |       |     4 |       ||     4
 Cast: Scorch            |     4 |    22 |    62 |    91 |   155 |    26 ||   360
       Ensorcelled Hiber |       |       |       |    44 |    81 |       ||   125
       Borgnjor's Vile C |       |       |       |       |    88 |    55 ||   143
       Frozen Ramparts   |       |       |       |       |    33 |     8 ||    41
       Starburst         |       |       |       |       |       |    52 ||    52
Invok: Foxfire Swarm     |     1 |       |       |       |       |       ||     1
Evoke: Wand              |       |       |       |    21 |    18 |    14 ||    53
       Piece from Xom's  |       |       |       |     4 |     1 |       ||     5
       Condenser vane    |       |       |       |       |     2 |     3 ||     5
  Use: Scroll            |       |       |     7 |    13 |    11 |     3 ||    34
       Potion            |       |       |     1 |     2 |     6 |     2 ||    11
 Stab: Sleeping          |       |       |     3 |    24 |    48 |     3 ||    78
       Held in net/web   |       |       |       |       |     6 |       ||     6
       Petrified         |       |       |       |       |     2 |       ||     2
       Paralysed         |       |       |       |       |     2 |     1 ||     3
       Distracted        |       |       |       |       |     2 |       ||     2
Armor: Robe              |    16 |       |       |       |       |       ||    16
       Scale mail        |    79 |    31 |       |       |       |       ||   110
       Ring mail         |       |    35 |   141 |    19 |       |       ||   195
       Skin              |       |       |     2 |       |       |       ||     2
       Leather armour    |       |       |       |   263 |   539 |    73 ||   875
Dodge: Dodged            |    80 |    86 |   179 |   337 |   731 |   106 ||  1519
Block: Buckler           |       |       |    53 |   159 |   358 |    74 ||   644

Table legend: (Time is in decaauts)
 A = Elapsed time spent in this place.
 B = Non-inter-level travel time spent in this place.
 C = Inter-level travel time spent in this place.
 D = Time resting spent in this place.
 E = Time spent auto-exploring this place.
 F = Levels seen in this place.
 G = Mean time per level.
                   A        B        C        D        E       F      G
               +--------+--------+--------+--------+--------+-----+--------+
         Total |  42504 |  40490 |   2014 |   6580 |  26630 |  30 | 1416.8 |
       Dungeon |  19946 |  18805 |   1141 |   1723 |  14117 |  15 | 1329.7 |
        Temple |    247 |    231 |     16 |      0 |    215 |   1 |  247.0 |
          Lair |  13724 |  13113 |    611 |   2951 |   7417 |   6 | 2287.3 |
         Swamp |   5579 |   5407 |    172 |   1266 |   3323 |   4 | 1394.8 |
   Spider Nest |     20 |     19 |      1 |      0 |     13 |   1 |   20.0 |
  Orcish Mines |   2497 |   2426 |     71 |    640 |   1273 |   2 | 1248.5 |
      Gauntlet |    488 |    488 |      0 |      0 |    270 |   1 |  488.0 |
               +--------+--------+--------+--------+--------+-----+--------+

Top non-repeatable levels by time:
  Lair:5: 3052 daAuts
  Lair:4: 2554 daAuts
  Lair:6: 2365 daAuts
  Lair:1: 2261 daAuts
 Swamp:1: 2129 daAuts
    D:12: 2083 daAuts
  Lair:3: 1954 daAuts
     D:6: 1935 daAuts
    D:10: 1841 daAuts
     D:8: 1835 daAuts
 Swamp:3: 1820 daAuts
  Lair:2: 1535 daAuts
    D:15: 1508 daAuts
     D:5: 1506 daAuts
   Orc:2: 1473 daAuts
